 Dungeon Crawl Stone Soup version 0.28-a0-850-g09de17f5b5 (webtiles) character file.

Game seed: 5935990766898057486

53 Twinkles the Ducker (level 3, 0/30 HPs)
             Began as a Demigod Gladiator on Nov 14, 2021.
             Slain by a goblin (5 damage)
             ... led by Robin
             ... on level 2 of the Dungeon.
             The game lasted 00:04:52 (2502 turns).

Twinkles the Ducker (Demigod Gladiator)             Turns: 2502, Time: 00:04:53

Health: 0/30       AC:  4    Str: 15    XL:     3   Next: 41%
Magic:  5/5        EV: 13    Int: 10    God:
Gold:   46         SH:  0    Dex: 19    Spells: 2/2 levels left

rFire   . . .      SeeInvis .   a - +0 war axe
rCold   . . .      Faith    .   (no shield)
rNeg    . . .      Spirit   .   b - +0 leather armour
rPois   .          Reflect  .   c - +0 helmet
rElec   .          Harm     .   (no cloak)
rCorr   .          Rampage  .   (no gloves)
Will    .....                   (no boots)
Stlth   +.........              (no amulet)
HPRegen 0.10/turn               (no ring)
MPRegen 0.09/turn               (no ring)

@: no status effects
A: high mp 1, forlorn
a: no special abilities


You were on level 2 of the Dungeon.
You visited 1 branch of the dungeon, and saw 2 of its levels.

You collected 46 gold pieces.

Inventory:

Hand Weapons
 a - a +0 war axe (weapon)
Missiles
 d - 3 throwing nets (quivered)
 h - 22 sling bullets
 s - 54 stones
Armour
 b - a +0 leather armour (worn)
 c - a +0 helmet (worn)
Scrolls
 e - 6 scrolls of identify {unknown}
Potions
 f - 2 potions of attraction {unknown}
 g - a potion of brilliance {unknown}
 i - a potion of heal wounds {unknown}


   Skills:
 + Level 2.3 Fighting
 + Level 3.1 Axes
 - Level 1.7 Throwing
 + Level 1.2 Armour
 + Level 3.1 Dodging


You had 2 spell levels left.
You didn't know any spells.
Your spell library was empty.

Dungeon Overview and Level Annotations

Branches:
Dungeon (2/15)

Annotations:
D:2 1 runed translucent door, Crazy Yiuf, Robin


Innate Abilities, Weirdness & Mutations

Your attributes grow dramatically as you level up.
You have an increased reservoir of magic. (+10% MP)
You shall have no god before yourself.


Message History

Moving in this stuff is going to be slow.
You enter the shallow water.
Moving in this stuff is going to be slow.
There is a stone staircase leading down here.
Robin shouts!
Robin roars a battlecry!
The goblins go into a battle-frenzy!
The hobgoblin hits you.
The goblin shouts!
You hit the hobgoblin.
The hobgoblin is almost dead.
The hobgoblin hits you. x2
You are too injured to fight recklessly!
The goblin shouts!
You hit the hobgoblin but do no damage.
The hobgoblin is almost dead.
You hear a shout!
The hobgoblin misses you.
Robin says, "My goblins will feast on your bones."
Robin throws the goblin at you!
You hit the hobgoblin but do no damage.
The hobgoblin is almost dead.
You closely miss the goblin. The goblin hits you with a +0 dagger.
The hobgoblin closely misses you. Robin throws the goblin at you!
The goblin hits you with a +0 dagger. x2
You hit the hobgoblin.
You kill the hobgoblin!
You hit the goblin. You barely miss the goblin.
The goblin hits you but does no damage. The goblin hits you with a +0 dagger.
* * * LOW HITPOINT WARNING * * *
The goblin hits you with a +0 dagger.
* * * LOW HITPOINT WARNING * * *
The goblin barely misses you.
Robin roars a battlecry!
The goblin goes into a battle-frenzy!
The goblin barely misses you. The goblin closely misses you.
Robin throws the goblin at you!
* * * LOW HITPOINT WARNING * * *
The goblin hits you with a +0 dagger.
You die...

###................# #.##.###
..#.########.###########......#
#.#.# #.....>............###
..#.# #.############........
#.#.# #.# #........ #.#.### #.#
#......## #.#.#.######.#######
###......
#.#......g..g..g...########.##.#.
#......#####...g@g.......>.....##
#.#....# #######.########.####
#.#.#### #.# #.# # #.#.# #.#
####.# # #.#.# #.# #....#####
#.#.# #.# ###....#.... #.#.# #.#
#........### #.#.## #.#
#........# #.#..# #.# #<.......#


You could see Robin and 4 goblins.

Vanquished Creatures
  An adder (D:2)
  3 bats
  6 endoplasms
  4 giant cockroaches
  8 goblins
  4 hobgoblins
  4 quokkas
  A ball python (D:1)
  2 frilled lizards
  A kobold (D:1)
  2 rats (D:1)
36 creatures vanquished.

Notes
Turn   | Place    | Note
-------+----------+-------------------------------------------
     0 | D:1      | Twinkles the Demigod Gladiator began the quest for the Orb.
     0 | D:1      | Reached XP level 1. HP: 17/17 MP: 3/3
   506 | D:1      | Reached XP level 2. HP: 24/24 MP: 4/4
  1187 | D:2      | Noticed Robin
  1210 | D:2      | Reached skill level 1 in Armour
  1490 | D:2      | Reached XP level 3. HP: 19/29 MP: 5/5
  1682 | D:2      | HP: 8/29 [poisoned by an adder]
  2386 | D:2      | Found a runed translucent door.
  2387 | D:2      | Noticed Crazy Yiuf
  2497 | D:2      | HP: 8/30 [goblin[Robin] (4)]
  2502 | D:2      | HP: 5/30 [Robin/goblin (1)]
  2502 | D:2      | Slain by a goblin

Illustrated notes

Levels and vault maps discovered:
D:1:      sevenhm_arrival_forest_fort_large_3, layout_basic,
          basic_ecumenical_altar, bh_walls_and_bars
D:2:      layout_loops_ring, serial_bayou_pond_e, minmay_tripent,
          uniq_crazy_yiuf_cottage, uniq_robin

Skill      XL: |  1  2 |
---------------+-------+-----
Fighting       | 2 |  2.3
Axes           | 3 |  3.1
Dodging        | 3 |  3.1
Armour         | 1 |  1.2
Throwing       | |  1.7

Action                   || total
-------------------------++-------
Melee: War axe           ||    96
 Stab: Sleeping          ||     2
Armor: Leather armour    ||    25
Dodge: Dodged            ||    71

Table legend: (Time is in decaauts)
 A = Elapsed time spent in this place.
 B = Non-inter-level travel time spent in this place.
 C = Inter-level travel time spent in this place.
 D = Time resting spent in this place.
 E = Time spent auto-exploring this place.
 F = Levels seen in this place.
 G = Mean time per level.
                   A        B        C        D        E       F      G
               +--------+--------+--------+--------+--------+-----+--------+
         Total |   2538 |   2458 |     80 |    438 |   1709 |   2 | 1269.0 |
       Dungeon |   2538 |   2458 |     80 |    438 |   1709 |   2 | 1269.0 |
               +--------+--------+--------+--------+--------+-----+--------+

Top non-repeatable levels by time:
     D:1: 1301 daAuts
     D:2: 1236 daAuts
